 Dungeon Crawl Stone Soup version 0.22-a0-362-g535178c (webtiles) character file.

4629 grindst0ne the Martial Artist (level 10, -6/76 HPs)
             Began as a Gnoll Transmuter on Apr 19, 2018.
             Was a High Priest of Cheibriados.
             Mangled by a yak (12 damage)
             ... on level 9 of the Dungeon.
             The game lasted 00:14:27 (8121 turns).

grindst0ne the Martial Artist (Gnoll Transmuter)    Turns: 8121, Time: 00:14:28

Health: -6/76      AC:  4    Str: 27    XL:     10   Next: 42%
Magic:  20/20      EV: 19    Int: 29    God:    Cheibriados [*****.]
Gold:   452        SH:  0    Dex: 27    Spells: 17/23 levels left

rFire    . . .     SeeInvis .   M - +4 dagger (venom)
rCold    . . .     Gourm    .   (no shield)
rNeg     . . .     Faith    .   s - +0 robe
rPois    .         Spirit   .   (no helmet)
rElec    .         Reflect  .   g - +0 cloak
rCorr    .         Harm     .   w - +0 pair of gloves (curse)
MR       .....                  (no boots)
Stlth    +++++.....             (no amulet)
HPRegen  0.22/turn              m - +3 ring of slaying
MPRegen  0.17/turn              p - ring of stealth

@: very slow
A: distributed training, fangs 1, strong nose
a: Bend Time, Temporal Distortion, Slouch, Step From Time, Renounce Religion


You were on level 9 of the Dungeon.
You worshipped Cheibriados.
Cheibriados was extremely pleased with you.
You were hungry.

You visited 1 branch of the dungeon, and saw 9 of its levels.
You also visited: Ossuary.

You collected 452 gold pieces.

Inventory:

Hand Weapons
 a - a +0 blowgun
 M - a +4 dagger of venom (weapon)
Missiles
 t - 114 arrows
 u - 39 poisoned needles
 x - 2 throwing nets (quivered)
 C - 3 tomahawks
 K - 4 needles of sleeping
Armour
 g - a +0 cloak (worn)
 s - a +0 robe (worn)
 w - a cursed +0 pair of gloves (worn)
 z - a +0 plate armour
Jewellery
 i - an uncursed ring of flight {unknown}
 m - a +3 ring of slaying (left hand)
 p - a ring of stealth (right hand)
 y - the ring "Zisab" {Ice rPois}
   (You found it on level 4 of the Dungeon)

   [ring of ice]

   It enhances your ice magic.
   It makes you vulnerable to fire.
   It protects you from cold.
   It protects you from poison.
 F - an uncursed ring of stealth
Wands
 b - a wand of polymorph (7)
 e - a wand of digging (33)
 G - a wand of disintegration (11)
 L - a wand of acid (6)
Scrolls
 h - 3 scrolls of fear {unknown}
 j - 8 scrolls of teleportation
 k - 4 scrolls of enchant weapon {unknown}
 l - 2 scrolls of magic mapping
 n - a scroll of amnesia {unknown}
 o - 3 scrolls of remove curse
 q - a scroll of immolation
 r - 3 scrolls of fog {unknown}
 v - 4 scrolls of blinking
 I - 3 scrolls of identify
 N - a scroll of enchant armour {unknown}
Potions
 c - 5 potions of curing
 f - 2 potions of lignification
 A - 3 potions of flight {unknown}
 B - 4 potions of brilliance {unknown}
 D - 2 potions of heal wounds {unknown}
 E - 2 potions of agility
 H - a potion of mutation {unknown}
 J - a potion of magic {unknown}
 O - a potion of resistance {unknown}
Comestibles
 d - 14 rations


   Skills:
 + Level 5.8 Fighting
 + Level 5.2 Short Blades
 + Level 5.2 Long Blades
 + Level 5.2 Axes
 + Level 5.2 Maces & Flails
 + Level 5.2 Polearms
 + Level 5.2 Staves
 + Level 5.2 Slings
 + Level 5.2 Bows
 + Level 5.2 Crossbows
 + Level 5.2 Throwing
 + Level 5.2 Armour
 + Level 7.0 Dodging
 + Level 5.2 Stealth
 + Level 5.2 Shields
 + Level 8.4 Unarmed Combat
 + Level 7.3 Spellcasting
 + Level 4.2 Conjurations
 + Level 4.2 Hexes
 + Level 4.2 Charms
 + Level 4.2 Summonings
 + Level 4.2 Necromancy
 + Level 4.2 Translocations
 + Level 5.8 Transmutations
 + Level 4.2 Fire Magic
 + Level 4.2 Ice Magic
 + Level 4.2 Air Magic
 + Level 4.2 Earth Magic
 + Level 4.2 Poison Magic
 + Level 5.7 Invocations
 + Level 5.2 Evocations


You had 17 spell levels left.
You knew the following spells:

 Your Spells              Type           Power        Failure   Level  Hunger
a - Beastly Appendage     Tmut           #####.       1%          1    None
b - Sticks to Snakes      Tmut           #####...     1%          2    None
c - Spider Form           Tmut/Pois      #####.....   1%          3    None


Dungeon Overview and Level Annotations

Branches:
Dungeon (9/15)             Temple (0/1) D:7
   Lair: D:8-11         Orc: D:9-12

Altars:
Cheibriados
Makhleb
Ru


Innate Abilities, Weirdness & Mutations

Your experience applies equally to all skills.
You have very sharp teeth.
Your uncanny sense of smell can sniff out nearby items.


Message History

The yak is moderately wounded.
You barely miss the yak. You bite the yak.
The yak is heavily wounded.
You barely miss the yak. You punch the yak!
The yak is lightly wounded.
The yak misses you. The yak gores you but does no damage. The yak gores you.
The yak completely misses you.
You closely miss the yak. You bite the yak, but do no damage.
The yak gores you but does no damage.
You hit the yak.
The yak is poisoned.
The yak is lightly wounded.
The yak gores you! x2; The yak closely misses you.
The yak gores you!
You hit the yak.
The yak is poisoned.
The yak is lightly wounded.
The yak misses you. The yak gores you! x2
* * * LOW HITPOINT WARNING * * *
The yak gores you!
* * * LOW HITPOINT WARNING * * *
The yak gores you!
You die...

#### ####
.... ...#
..... ...#
.....###...#
.........#
.......#
#.Y...#
#.@Y..#
+YYY..#
#.....#
#.....#
#.....#
#.....#
#.....#
#.###.#


You could see 5 yaks.

Vanquished Creatures
  A two-headed ogre (D:8)
  Maurice (D:8)
  The ghost of Torious the Destroyer, a novice DECj (D:6)
  A hippogriff (D:8)
  3 orc warriors
  4 phantoms
  2 sky beasts
  3 centaurs
  3 ogres
  A bullfrog (D:7)
  2 scorpions
  8 killer bees
  3 vampire bats (D:5)
  2 howler monkeys (D:6)
  A crimson imp (D:5)
  A bullfrog zombie (D:8)
  3 orc priests
  A centaur zombie (D:7)
  A gnoll shaman (D:5)
  3 hounds
  A centaur skeleton (D:7)
  10 orc wizards
  Ijyb (D:2)
  5 worker ants
  2 iguanas (D:5)
  A big kobold zombie (Ossuary)
  4 mummies (Ossuary)
  4 gnolls (D:5)
  9 adders
  A howler monkey skeleton (D:6)
  3 oozes
  5 worms
  2 dart slugs
  5 leopard geckos
  14 orcs
  A ball python (D:2)
  8 bats
  6 giant cockroaches
  6 goblins
  14 hobgoblins
  4 jackals (D:1)
  6 quokkas
  4 frilled lizards
  A giant cockroach zombie (D:6)
  2 gnoll zombies (Ossuary)
  A hobgoblin zombie (Ossuary)
  3 jackal zombies
  8 kobolds
  A leopard gecko zombie (D:8)
  A quokka skeleton (D:8)
  6 rats
184 creatures vanquished.

Vanquished Creatures (collateral kills)
  A big kobold zombie (Ossuary)
  A gnoll zombie (Ossuary)
  A goblin zombie (Ossuary)
  A jackal zombie (Ossuary)
  An orc zombie (Ossuary)
  A rat zombie (Ossuary)
6 creatures vanquished.

Grand Total: 190 creatures vanquished

Notes
Turn   | Place    | Note
-------+----------+-------------------------------------------
     0 | D:1      | grindst0ne the Gnoll Transmuter began the quest for the Orb.
     0 | D:1      | Reached XP level 1. HP: 17/17 MP: 6/6
    57 | D:1      | Reached XP level 2. HP: 23/23 MP: 7/7
   816 | D:1      | Reached XP level 3. HP: 25/28 MP: 9/9
   826 | D:1      | Reached skill level 5 in Spellcasting
   839 | D:1      | Found a snail-covered altar of Cheibriados.
   880 | D:1      | Became a worshipper of Cheibriados the Contemplative
  1161 | D:2      | Learned a level 2 spell: Sticks to Snakes
  1165 | D:2      | Learned a level 3 spell: Spider Form
  1268 | D:2      | Reached skill level 1 in Invocations
  1448 | D:2      | Reached skill level 1 in Short Blades
  1448 | D:2      | Reached skill level 1 in Long Blades
  1448 | D:2      | Reached skill level 1 in Axes
  1448 | D:2      | Reached skill level 1 in Maces & Flails
  1448 | D:2      | Reached skill level 1 in Polearms
  1448 | D:2      | Reached skill level 1 in Staves
  1448 | D:2      | Reached skill level 1 in Slings
  1448 | D:2      | Reached skill level 1 in Bows
  1448 | D:2      | Reached skill level 1 in Crossbows
  1448 | D:2      | Reached skill level 1 in Throwing
  1448 | D:2      | Reached skill level 1 in Armour
  1448 | D:2      | Reached skill level 1 in Stealth
  1448 | D:2      | Reached skill level 1 in Shields
  1448 | D:2      | Reached skill level 1 in Evocations
  1479 | D:2      | Found a burning altar of Makhleb.
  1584 | D:2      | Reached XP level 4. HP: 34/34 MP: 11/11
  1625 | D:2      | Found a sacrificial altar of Ru.
  1758 | D:2      | Reached * piety under Cheibriados
  1758 | D:2      | Reached skill level 1 in Conjurations
  1758 | D:2      | Reached skill level 1 in Hexes
  1758 | D:2      | Reached skill level 1 in Charms
  1758 | D:2      | Reached skill level 1 in Summonings
  1758 | D:2      | Reached skill level 1 in Necromancy
  1758 | D:2      | Reached skill level 1 in Translocations
  1758 | D:2      | Reached skill level 1 in Fire Magic
  1758 | D:2      | Reached skill level 1 in Ice Magic
  1758 | D:2      | Reached skill level 1 in Air Magic
  1758 | D:2      | Reached skill level 1 in Earth Magic
  1758 | D:2      | Reached skill level 1 in Poison Magic
  2102 | D:2      | Reached XP level 5. HP: 32/40 MP: 12/12
  2209 | D:3      | Noticed Ijyb
  2236 | D:2      | Killed Ijyb
  2447 | D:3      | Reached ** piety under Cheibriados
  2838 | D:4      | Noticed a phantom
  2860 | D:4      | Killed a phantom
  2860 | D:4      | Reached XP level 6. HP: 33/47 MP: 12/14
  3014 | D:4      | Got an ancient bronze ring
  3075 | D:4      | Noticed a phantom
  3091 | D:4      | Killed a phantom
  3091 | D:4      | Reached skill level 5 in Dodging
  3287 | D:4      | Reached XP level 7. HP: 22/52 MP: 11/15
  3474 | D:4      | Reached skill level 7 in Unarmed Combat
  3659 | D:5      | Entered Level 5 of the Dungeon
  3660 | D:5      | Found a sand-covered staircase.
  3801 | Ossuary  | Entered an ossuary
  3824 | Ossuary  | Reached *** piety under Cheibriados
  4134 | Ossuary  | Identified the ring "Zisab" {Ice rPois} (You found it on level 4 of the Dungeon)
  4318 | D:5      | Reached XP level 8. HP: 60/60 MP: 14/16
  4537 | D:5      | Reached **** piety under Cheibriados
  4701 | D:5      | Got a crystal dagger {antimagic}
  5112 | D:6      | Noticed Torious's ghost (novice DECj)
  5129 | D:6      | Killed Torious's ghost
  5129 | D:6      | Reached XP level 9. HP: 54/66 MP: 18/18
  5133 | D:6      | Reached skill level 5 in Transmutations
  5422 | D:5      | Identified the +7 dagger of Fixation {antimagic, Str+3} (You took it off an orc priest on level 5 of the Dungeon)
  6218 | D:7      | Found a staircase to the Ecumenical Temple.
  6222 | D:7      | Reached skill level 5 in Fighting
  6269 | D:7      | Reached ***** piety under Cheibriados
  6452 | D:7      | Reached skill level 8 in Unarmed Combat
  6955 | D:8      | Reached skill level 5 in Invocations
  7021 | D:8      | Noticed a two-headed ogre
  7033 | D:8      | Killed a two-headed ogre
  7033 | D:8      | Reached XP level 10. HP: 27/75 MP: 4/20
  7160 | D:8      | Noticed Maurice
  7193 | D:8      | Killed Maurice
  7193 | D:8      | Reached skill level 5 in Short Blades
  7193 | D:8      | Reached skill level 5 in Long Blades
  7193 | D:8      | Reached skill level 5 in Axes
  7193 | D:8      | Reached skill level 5 in Maces & Flails
  7193 | D:8      | Reached skill level 5 in Polearms
  7193 | D:8      | Reached skill level 5 in Staves
  7193 | D:8      | Reached skill level 5 in Slings
  7193 | D:8      | Reached skill level 5 in Bows
  7193 | D:8      | Reached skill level 5 in Crossbows
  7193 | D:8      | Reached skill level 5 in Throwing
  7193 | D:8      | Reached skill level 5 in Armour
  7193 | D:8      | Reached skill level 5 in Stealth
  7193 | D:8      | Reached skill level 5 in Shields
  7193 | D:8      | Reached skill level 5 in Evocations
  8121 | D:9      | Mangled by a yak

Vault maps used:
D:1:      nzn_arrival_crosshair, cheibriados_altar_1
D:2:      lemuel_round_altar, hangedman_ru_absence
D:3:      uniq_ijyb
D:4:      minmay_misc_feat_chi
D:5:      serial_co_window_serial, co_window_corner_a, co_window_corner_a,
          co_window_of_opportunity_a, co_window_paths_b,
          co_window_of_opportunity_a, co_window_corner_ca, co_window_broadway_a,
          co_window_corner_b, co_window_corner_cb, co_window_sun,
          glass_columns_a, glass_columns_b, first_ration, enter_ossuary_1,
          roderic_batcave
D:6:      kennysheep_crisscross, st_stairs_10, columned_hall_lemuel
D:7:      temple_doors_cd, amethyst_killhole
D:8:      uniq_maurice
Ossuary:  ossuary_minmay_tomb_2a

Skill      XL: |  1  2  3  4  5  6  7  8  9 10 |
---------------+-------------------------------+-----
Spellcasting   | 5 6 7 |  7.3
Invocations    | 1 2 3 4 5 |  5.7
Short Blades   | 1 2 3 4 5 |  5.2
Long Blades    | 1 2 3 4 5 |  5.2
Axes           | 1 2 3 4 5 |  5.2
Maces & Flails | 1 2 3 4 5 |  5.2
Polearms       | 1 2 3 4 5 |  5.2
Staves         | 1 2 3 4 5 |  5.2
Slings         | 1 2 3 4 5 |  5.2
Bows           | 1 2 3 4 5 |  5.2
Crossbows      | 1 2 3 4 5 |  5.2
Throwing       | 1 2 3 4 5 |  5.2
Armour         | 1 2 3 4 5 |  5.2
Stealth        | 1 2 3 4 5 |  5.2
Shields        | 1 2 3 4 5 |  5.2
Evocations     | 1 2 3 4 5 |  5.2
Conjurations   | 1 2 3 4 |  4.2
Hexes          | 1 2 3 4 |  4.2
Charms         | 1 2 3 4 |  4.2
Summonings     | 1 2 3 4 |  4.2
Necromancy     | 1 2 3 4 |  4.2
Translocations | 1 2 3 4 |  4.2
Fire Magic     | 1 2 3 4 |  4.2
Ice Magic      | 1 2 3 4 |  4.2
Air Magic      | 1 2 3 4 |  4.2
Earth Magic    | 1 2 3 4 |  4.2
Poison Magic   | 1 2 3 4 |  4.2
Fighting       | 3 4 5 |  5.8
Transmutations | 4 5 |  5.8
Dodging        | 5 6 7 |  7.0
Unarmed Combat | 7 8 |  8.4

Action                   |  1- 3 |  4- 6 |  7- 9 | 10-12 || total
-------------------------+-------+-------+-------+-------++-------
Melee: Unarmed           |   105 |    97 |   148 |    13 ||   363
       Bite              |    12 |     7 |    22 |    15 ||    56
       Punch             |     2 |     2 |     8 |     4 ||    16
       Dagger            |       |       |    99 |    55 ||   154
 Cast: Spider Form       |       |    11 |    18 |       ||    29
       Sticks to Snakes  |       |       |     5 |       ||     5
Invok: Temporal Distorti |       |       |       |     1 ||     1
Evoke: Wand              |       |       |     3 |       ||     3
  Use: Scroll            |       |     7 |     2 |       ||     9
 Stab: Sleeping          |     2 |     1 |    11 |     1 ||    15
       Distracted        |     1 |       |     1 |     2 ||     4
  Eat: Chunk             |     3 |     3 |     7 |     1 ||    14
Armor: Robe              |    22 |    17 |    10 |     4 ||    53
       Skin              |       |       |     8 |       ||     8
Dodge: Dodged            |    93 |    95 |   259 |    47 ||   494

Table legend:
 A = Spawn XP
 B = Non-spawn XP
 C = Spawn XP percentage of total XP
 D = Spawn monster count
 E = Non-spawn monster count
 F = Spawn count percentage of total count
 G = Total turns spent on level
                    A         B        C        D         E        F      G
               +---------+---------+-------+---------+---------+-------+---------
         Total |       0 |    6613 |   0.0 |       0 |     190 |   0.0 |  8121
               +---------+---------+-------+---------+---------+-------+---------
           D:1 |       0 |      40 |   0.0 |       0 |      22 |   0.0 |  1151
           D:2 |       0 |     171 |   0.0 |       0 |      33 |   0.0 |  1185
           D:3 |       0 |      56 |   0.0 |       0 |      14 |   0.0 |   366
           D:4 |       0 |     547 |   0.0 |       0 |      11 |   0.0 |   957
           D:5 |       0 |     895 |   0.0 |       0 |      33 |   0.0 |  1392
           D:6 |       0 |    1276 |   0.0 |       0 |      19 |   0.0 |   693
           D:7 |       0 |     838 |   0.0 |       0 |      18 |   0.0 |   822
           D:8 |       0 |    2657 |   0.0 |       0 |      24 |   0.0 |  1205
       Ossuary |       0 |     133 |   0.0 |       0 |      16 |   0.0 |   344
               +---------+---------+-------+---------+---------+-------+---------
